 Dungeon Crawl Stone Soup version 0.28.0-43-g3370ac3207 (webtiles) character file.

Game seed: 9232607295231405810

1813 Pinkishskies the Covered (level 8, 0/71 HPs)
             Began as a Minotaur Fighter on Mar 8, 2022.
             Was an Initiate of the Shining One.
             Slain by a fire crab (shapeshifter) (11 damage)
             ... on level 7 of the Dungeon.
             The game lasted 00:21:39 (6905 turns).

Pinkishskies the Covered (Minotaur Fighter)         Turns: 6905, Time: 00:21:40

Health: 0/71       AC: 12    Str: 24    XL:     8   Next: 84%
Magic:  7/7        EV:  8    Int:  5    God:    the Shining One [......]
Gold:   311        SH:  4    Dex:  9    Spells: 7/7 levels left

rFire   . . .      SeeInvis .   u - +2 whip (elec)
rCold   . . .      Faith    .   c - +0 buckler
rNeg    + . .      Spirit   .   p - +0 chain mail
rPois   .          Reflect  .   (helmet restricted)
rElec   .          Harm     .   (no cloak)
rCorr   .          Rampage  .   (no gloves)
Will    .....                   j - +0 pair of boots
Stlth   ..........              r - amulet of the acrobat
HPRegen 0.21/turn               i - ring of positive energy
MPRegen 0.10/turn               (no ring)

@: about to teleport, glowing
A: horns 2, retaliatory headbutt
a: Renounce Religion


You were on level 7 of the Dungeon.
You worshipped the Shining One.
The Shining One was noncommittal.
You visited 2 branches of the dungeon, and saw 8 of its levels.

You collected 353 gold pieces.
You spent 42 gold pieces at shops.

Inventory:

Hand Weapons
 t - a +0 flail of holy wrath
 u - a +2 whip of electrocution (weapon)
 A - a +3 flail
Armour
 a - a +0 pair of boots
 b - a +0 scale mail
 c - a +0 buckler (worn)
 h - the +0 leather armour of Conscience {rElec rC+}
   (You found it on level 2 of the Dungeon)

   rC:        It protects you from cold.
   rElec:     It insulates you from electricity.
 j - a +0 pair of boots (worn)
 p - a +0 chain mail (worn)
Jewellery
 i - a ring of positive energy (left hand)
 r - an amulet of the acrobat (around neck)
 B - the ring of Suspicion {Wiz rF+ Int+3 Stlth+}
   (You found it on level 7 of the Dungeon)

   [ring of wizardry]

   It improves your spell success rate.
   Int:       It affects your intelligence (+3).
   rF:        It protects you from fire.
   Stlth:     It makes you more stealthy.
Wands
 s - a wand of iceblast (5)
 z - a wand of polymorph (2)
Scrolls
 e - 2 scrolls of blinking {unknown}
 g - a scroll of magic mapping {unknown}
 k - 6 scrolls of identify {unknown}
 m - 4 scrolls of immolation {unknown}
 n - a scroll of silence {unknown}
 o - 2 scrolls of teleportation
 q - a scroll of amnesia {unknown}
 v - 2 scrolls of holy word {unknown}
 w - 2 scrolls of enchant armour {unknown}
 x - 2 scrolls of fog {unknown}
 y - 2 scrolls of fear {unknown}
Potions
 d - a potion of magic {unknown}
 f - 2 potions of heal wounds {unknown}
 l - 2 potions of curing {unknown}


   Skills:
 + Level 6.7 Fighting
 - Level 7.4(8.3) Axes
 * Level 5.3(7.2) Maces & Flails
 + Level 7.9 Armour
 + Level 1.3 Dodging
 - Level 0.8 Stealth
 * Level 5.1 Shields
 - Level 1.2 Evocations


You had 7 spell levels left.
You didn't know any spells.
Your spell library contained the following spells:

 Spells                   Type           Power      Damage    Failure   Level
 Freeze                   Ice            0%         1d3       99%         1
 Magic Dart               Conj           0%         1d3       99%         1
 Call Imp                 Summ           0%         N/A       99%         2
 Dazzling Flash           Conj/Hex       0%         N/A       100%        3
 Frozen Ramparts          Ice            0%         1d2       100%        3
 Mephitic Cloud           Conj/Pois/Air  0%         N/A       100%        3
 Hailstorm                Conj/Ice       0%         3d3       100%        4
 Iskenderun's Mystic Bla  Conj/Tloc      0%         2d3       100%        4
 Starburst                Conj/Fire      0%         6d3       100%        6


Dungeon Overview and Level Annotations

Branches:
Dungeon (7/15)             Temple (1/1) D:7

Altars:
Ashenzari
Cheibriados
Dithmenos
Elyvilon
Fedhas
Gozag
Hepliaklqana
Kikubaaqudgha
Makhleb
Nemelex Xobeh
Okawaru
Qazlal
Ru
Sif Muna
Trog
Uskayaw
Vehumet
Wu Jian
Xom
Yredelemnul
Zin
The Shining One

Shops:
D:3 ?


Innate Abilities, Weirdness & Mutations

You have a pair of horns on your head.
You reflexively headbutt those who attack you in melee.


Message History

You barely miss the fire crab.
The fire crab is lightly wounded.
The wyvern skeleton barely misses you. The fire crab closely misses you.
You furiously retaliate!
You headbutt the fire crab. You block the fire crab's attack.
You closely miss the fire crab.
The fire crab is moderately wounded.
The wyvern skeleton closely misses you.
You barely miss the fire crab. Your headbutt misses the fire crab.
The fire crab is moderately wounded.
The wyvern skeleton barely misses you. The fire crab completely misses you.
You furiously retaliate!
You headbutt the fire crab!
The fire crab claws you but does no damage.
You hit the fire crab.
You headbutt the fire crab, but do no damage.
The fire crab is heavily wounded.
The wyvern skeleton closely misses you.
The fire crab bites you but does no damage.
The fire crab claws you but does no damage.
You hit the fire crab but do no damage.
The fire crab is heavily wounded.
The wyvern skeleton bites you. The fire crab bites you.
You are engulfed in flames!
The fire crab barely misses you.
You hit the fire crab but do no damage.
You headbutt the fire crab, but do no damage.
The fire crab is heavily wounded.
The wyvern skeleton bites you but does no damage.
The fire crab bites you.
You are engulfed in flames!
* * * LOW HITPOINT WARNING * * *
The fire crab closely misses you.
There are monsters nearby!
As you read the scroll of teleportation, it crumbles to dust.
You feel strangely unstable.
The wyvern skeleton bites you but does no damage.
The wyvern skeleton bites you.
* * * LOW HITPOINT WARNING * * *
The fire crab bites you.
* * * LOW HITPOINT WARNING * * *
You are engulfed in flames!
You die...

#.......##.#.#.#
#........##.#.#.# .#
#####......#.....#####..
≈≈≈≈#......#.#.#...$....
≈≈≈≈#....#...#.#........
.≈≈≈#....##..#.#........
..≈≈#....##.>#.#..........
...≈#....#####.#t........#
...≈#.... #.#@Z.......#
#..≈#..(. #.#.......$.#
...≈#.... #.#.........#
...≈# #...........+ ..≈≈#
###.........# .≈≈≈#
#......<....# ≈≈≈≈#
..........### ≈≈≈≈#
#.#######)# ##### . .#


You could see a fire crab shaped shifter and a wyvern skeleton.

Vanquished Creatures
  Pikel (D:5)
  Eustachio (D:5)
  Edmund (D:5)
  A water moccasin (D:6)
  An ogre (D:5)
  A phantom (D:6)
  A centaur (D:5)
  A bullfrog (D:4)
  A water moccasin skeleton (D:6)
  5 wights (D:6)
  A jelly (D:7)
  A bullfrog skeleton (D:6)
  A hound (D:6)
  A centaur skeleton (D:6)
  2 iguanas
  Ijyb (D:3)
  2 orc wizards
  A killer bee zombie (D:6)
  A hound skeleton (D:4)
  A howler monkey zombie (D:7)
  A gnoll (D:1)
  A howler monkey skeleton (D:7)
  4 adders
  A shadow imp (D:5)
  2 worms
  A dart slug (D:1)
  16 orcs
  7 ball pythons
  5 endoplasms
  3 giant cockroaches
  6 goblins
  8 hobgoblins
  3 jackals (D:3)
  6 kobolds
  3 quokkas
  6 bats
  A frilled lizard (D:3)
  A jackal skeleton (D:4)
  2 rats (D:1)
103 creatures vanquished.

Notes
Turn   | Place    | Note
-------+----------+-------------------------------------------
     0 | D:1      | Pinkishskies the Minotaur Fighter began the quest for the
                  | Orb.
     0 | D:1      | Reached XP level 1. HP: 19/19 MP: 0/0
   299 | D:1      | Reached XP level 2. HP: 23/27 MP: 1/1
   814 | D:1      | Reached XP level 3. HP: 34/34 MP: 2/2
  1314 | D:2      | Identified the +0 leather armour of Conscience {rElec rC+}
  2147 | D:2      | Reached XP level 4. HP: 26/41 MP: 3/3
  2672 | D:3      | Found a shimmering blue altar of Sif Muna.
  2703 | D:3      | Found Ykyti's Magic Scroll Emporium.
  2788 | D:3      | Bought a scroll of teleportation for 42 gold pieces
  2921 | D:3      | Found a faded altar of an unknown god.
  2921 | D:3      | Noticed Ijyb
  2927 | D:3      | Killed Ijyb
  3087 | D:3      | Reached XP level 5. HP: 46/47 MP: 4/4
  3511 | D:4      | Reached skill level 5 in Armour
  3741 | D:4      | Reached skill level 5 in Fighting
  3741 | D:4      | Reached skill level 5 in Axes
  3741 | D:4      | Reached XP level 6. HP: 44/56 MP: 5/5
  4439 | D:5      | Entered Level 5 of the Dungeon
  4452 | D:5      | Noticed Edmund
  4463 | D:5      | Killed Edmund
  4546 | D:5      | Noticed Eustachio
  4550 | D:5      | Killed Eustachio
  4551 | D:5      | Reached XP level 7. HP: 61/61 MP: 6/6
  4591 | D:5      | Noticed Pikel
  4605 | D:5      | Killed Pikel
  4606 | D:5      | Reached skill level 1 in Dodging
  4606 | D:5      | Reached skill level 1 in Evocations
  4606 | D:5      | Reached XP level 8. HP: 70/70 MP: 7/7
  4820 | D:5      | Reached skill level 1 in Maces & Flails
  4990 | D:5      | Identified the +1 leather armour of a bailey {rC+ Regen+
                  | SInv}
  5415 | D:6      | Reached skill level 5 in Shields
  6246 | D:7      | Noticed a troll
  6319 | D:7      | Reached skill level 5 in Maces & Flails
  6343 | D:7      | Found a staircase to the Ecumenical Temple.
  6354 | Temple   | Entered the Ecumenical Temple
  6442 | Temple   | Became a worshipper of the Shining One
  6886 | D:7      | Identified the ring of Suspicion {Wiz rF+ Int+3 Stlth+}
  6893 | D:7      | Noticed a shapeshifter
  6893 | D:7      | a troll changed into a shapeshifter
  6894 | D:7      | Noticed a fire crab
  6894 | D:7      | a shapeshifter changed into a fire crab
  6905 | D:7      | Slain by a fire crab (shapeshifter)

Illustrated notes

Levels and vault maps discovered:
D:1:      co_arrival_random_square_maze, layout_basic, grunt_decor_resistance
D:2:      layout_basic
D:3:      layout_rooms, lemuel_coloured_pillars_altar,
          dreamdust_ecumenical_altar_angels_and_demons, serial_shops,
          nicolae_shop_temple_entry_statues_fountains, uniq_ijyb
D:4:      layout_loops_ring, grunt_ministairs_13, kennysheep_generic_room_15
D:5:      layout_loops_cross, uniq_eustachio, uniq_pikel, uniq_edmund
D:6:      layout_loops_ring, corexii_item_surrounded_by_moat
D:7:      layout_basic, minmay_temple_entry_ruins, serial_glass,
          glass_columns_c, glass_columns_b, hangedman_decor_points,
          kennysheep_generic_room_2
Temple:   mainiacjoe_temple_hex_bubbles

Skill      XL: |  1  2  3  4  5  6  7  8 |
---------------+-------------------------+-----
Shields        | 4 5 |  5.1
Fighting       | 4 5 6 |  6.7
Armour         | 4 5 6 7 |  7.9
Axes           | 3 4 5 6 7 |  7.4
Dodging        | 1 |  1.3
Evocations     | 1 |  1.2
Maces & Flails | 5 |  5.3
Stealth        | |  0.8

Action                   |  1- 3 |  4- 6 |  7- 9 || total
-------------------------+-------+-------+-------++-------
Melee: War axe           |    71 |   115 |     3 ||   189
       Headbutt          |     8 |    12 |    15 ||    35
       Whip              |       |       |    48 ||    48
       Dire flail        |       |       |    38 ||    38
Evoke: Wand              |       |     3 |     4 ||     7
  Use: Potion            |       |     1 |       ||     1
       Scroll            |       |       |     1 ||     1
Armor: Scale mail        |    29 |    19 |       ||    48
       Chain mail        |       |    47 |    33 ||    80
Dodge: Dodged            |    47 |    42 |    41 ||   130
Block: Buckler           |    21 |    18 |     9 ||    48
